AoeStats
← BigAttack

Arena

509473852Analyzed
2v2 RM · 6d ago on Sep 26, 2026· 61m 22s· 4 players
Game mode
Random Map
Map size
Medium (4 player)
Population
200
Speed
Normal
Resources
Standard
Victory
Conquest
Starting age
Dark Age
Ending age
Imperial Age
RankedLock teamsTeams togetherTeam positionsShared explorationLock speedFull tech treeHidden civsTurbo modeCheats
Victory
Defeat
🇩🇪 Celts · Germany
848
+17
🇩🇪 Ethiopians · Germany
841
+17
🇪🇨 Turks · Ecuador
890
-18
🇲🇽 Bohemians · Mexico
851
-16
Solari
0:25 Loom
10:33 Feudal Age
12:22 Horse Collar
13:36 Double-Bit Axe
18:29 Castle Age
19:17 Wheelbarrow
19:34 Husbandry
20:28 Caravan
21:29 Heavy Plow
23:03 Bow Saw
25:57 Scale Barding Armor
26:03 Forging
28:26 Chain Barding Armor
28:42 Iron Casting
29:03 Hand Cart
33:54 Imperial Age
32:48 Scale Mail Armor
32:39 Fletching
32:49 Padded Archer Armor
34:24 Wagenburg Tactics
36:07 Chemistry
36:26 Two-Man Saw
36:29 Blast Furnace
35:48 Chain Mail Armor
36:07 Coinage
35:12 Cavalier
36:09 Pikeman
36:49 Squires
36:35 Arson
36:32 Elite Hussite Wagon
37:14 Elite Skirmisher
39:15 Plate Mail Armor
39:14 Ballistics
42:28 Halberdier
51:41 Leather Archer Armor
51:22 Bodkin Arrow
58:25 Bracer
58:56 Ring Archer Armor
Jxse23
9:40 Feudal Age
8:01 Loom
11:04 Double-Bit Axe
11:52 Loom
14:07 Horse Collar
20:17 Castle Age
18:42 Stone Mining
20:09 Scale Barding Armor
21:05 Wheelbarrow
21:03 Gold Mining
21:36 Bow Saw
21:50 Forging
21:49 Heavy Plow
21:41 Town Watch
26:02 Treadmill Crane
26:45 Hand Cart
30:35 Imperial Age
28:27 Fortified Wall
32:28 Conscription
33:12 Ballistics
33:36 Town Patrol
33:19 Elite Janissary
34:05 Husbandry
34:16 Bloodlines
36:18 Chain Barding Armor
36:34 Iron Casting
37:05 Gold Shaft Mining
39:39 Masonry
41:33 Blast Furnace
41:09 Plate Barding Armor
41:49 Murder Holes
45:12 Hoardings
44:39 Fletching
46:00 Fletching
52:49 Two-Man Saw
Kingslayer
12:17 Feudal Age
15:30 Wheelbarrow
15:50 Forging
15:32 Fletching
15:58 Double-Bit Axe
16:39 Loom
18:56 Castle Age
18:12 Horse Collar
18:25 Gold Mining
20:49 Bow Saw
21:59 Squires
23:50 Hand Cart
23:23 Town Watch
25:48 Heavy Plow
25:57 Stone Mining
28:28 Fervor
28:38 Sanctity
27:50 Crossbowman
29:46 Gold Shaft Mining
30:49 Padded Archer Armor
30:49 Scale Mail Armor
34:54 Imperial Age
33:02 Thumb Ring
34:18 Ballistics
33:53 Murder Holes
34:09 Fortified Wall
34:11 Masonry
34:51 Husbandry
35:53 Stone Shaft Mining
35:20 Bodkin Arrow
36:33 Bracer
37:09 Iron Casting
37:14 Caravan
37:29 Heavy Camel Rider
38:23 Scale Barding Armor
40:16 Blast Furnace
40:00 Chain Barding Armor
40:06 Arbalester
42:38 Chain Mail Armor
47:27 Town Patrol
50:40 Architecture
50:16 Siege Engineers
51:11 Chemistry
50:45 Plate Mail Armor
51:22 Guilds
51:42 Coinage
52:07 Leather Archer Armor
53:45 Onager
BigAttack
10:37 Feudal Age
11:07 Double-Bit Axe
11:06 Horse Collar
13:43 Wheelbarrow
18:46 Castle Age
17:15 Stone Mining
18:08 Man-at-Arms
18:53 Scale Mail Armor
23:49 Gambesons
24:47 Loom
24:47 Town Watch
24:27 Long Swordsman
24:54 Arson
25:23 Forging
26:58 Fervor
27:01 Gold Mining
27:47 Stone Shaft Mining
27:20 Heavy Plow
28:10 Town Patrol
29:08 Iron Casting
28:49 Chain Mail Armor
29:37 Fletching
30:56 Hand Cart
31:44 Gold Shaft Mining
31:20 Bodkin Arrow
35:15 Imperial Age
34:43 Stone Shaft Mining
34:24 Bow Saw
36:00 Ballistics
35:33 Two-Handed Swordsman
36:45 Plate Mail Armor
37:16 Blast Furnace
35:41 Capped Ram
36:51 Furor Celtica
37:02 Conscription
37:25 Champion
38:31 Siege Ram
40:44 Chemistry
40:37 Siege Engineers
Connection lost

Rejoining the realm…

Still unreachable

The connection could not be restored.

Session expired

The server has moved on; the page needs a fresh start.